AoeStats
← Torbik IV

African Clearing

504324189Analyzed
2v2 RM · 27d ago on Sep 4, 2026· 25m 56s· 4 players
Game mode
Random Map
Map size
Medium (4 player)
Population
200
Speed
Normal
Resources
Standard
Victory
Conquest
Starting age
Dark Age
Ending age
Imperial Age
RankedLock teamsTeams togetherTeam positionsShared explorationLock speedFull tech treeHidden civsTurbo modeCheats
Victory
Defeat
🇧🇪 Cumans · Belgium
928
+15
🇺🇸 Khitans · United States
882
+17
🇳🇱 Spanish · Netherlands
927
-44
🇵🇱 Khmer · Poland
886
-41
Grand2024
3:03 Loom
14:10 Feudal Age
24:01 Castle Age
25:18 Double-Bit Axe
xDATASURFERx
10:26 Loom
12:12 Feudal Age
18:55 Castle Age
18:27 Fletching
19:39 Padded Archer Armor
20:38 Double-Bit Axe
21:00 Bodkin Arrow
23:26 Leather Archer Armor
25:41 Heavy Cavalry Archer
Torbik IV
18:34 Feudal Age
23:10 Castle Age
22:10 Loom
22:11 Horse Collar
22:28 Double-Bit Axe
26:12 Forging
26:03 Scale Mail Armor
Suabyak
15:49 Feudal Age
16:27 Double-Bit Axe
21:48 Castle Age
19:38 Horse Collar
Connection lost

Rejoining the realm…

Still unreachable

The connection could not be restored.

Session expired

The server has moved on; the page needs a fresh start.